 Dungeon Crawl Stone Soup version 0.31-a0-917-ga885b83477 (webtiles) character file.

Game seed: 561873830951712128

7619 Errthou the Grappler (level 10, 0/159 HPs)
             Began as a Troll Berserker on Oct 17, 2023.
             Was a High Priest of Trog.
             Slain by an orc warlord
             ... wielding a +0 battleaxe
              (27 damage)
             ... on level 11 of the Dungeon.
             The game lasted 00:16:17 (9524 turns).

Errthou the Grappler (Troll Berserker)              Turns: 9524, Time: 00:16:18

Health: 0/159      AC:  5    Str: 31    XL:     10   Next: 98%
Magic:  9/9        EV: 18    Int:  3    God:    Trog [*****.]
Gold:   626        SH:  0    Dex: 12    Spells: 9/9 levels left

rFire   x .          .
                       - Unarmed
rCold   + . .        (no shield)
rNeg    . . .        a - +0 animal skin
rPois   .            (helmet restricted)
rElec   .            c - +0 cloak
rCorr   .            (gloves unavailable)
SInv    .            (boots unavailable)
Will    .....        (no amulet) Stlth
                     e - +5 ring of evasion
HPRegen 1.26/turn    x - ring of Peace {Fly rF- rC+ Dex+3 Slay+5}
MPRegen 0.11/turn

%: no passive effects
@: berserking, flying, very quick
A: large, unfitting armour, claws 3, regeneration 1, shaggy fur 1, tough skin 1
a: Renounce Religion, Berserk, Trog's Hand, Brothers in Arms


You were on level 11 of the Dungeon.
You worshipped Trog.
Trog was extremely pleased with you.
You visited 3 branches of the dungeon, and saw 13 of its levels.
You also visited: Sewer.

You collected 626 gold pieces.

Inventory:

Armour
 a - a +0 animal skin (worn)
 c - a +0 cloak (worn)
 J - a +0 kite shield
Jewellery
 e - a +5 ring of evasion (left claw)
 k - a ring of magical power
 v - a ring of resist corrosion
 x - the ring of Peace (right claw) {Fly rF- rC+ Dex+3 Slay+5}
   (You found it on level 4 of the Dungeon)

   [ring of flight]

   Dex+3:     It affects your dexterity (+3).
   Slay+5:    It affects your accuracy & damage with ranged weapons and melee
   (+5).
   rF-:       It makes you vulnerable to fire.
   rC+:       It protects you from cold.
   Fly:       It grants you flight.
 B - a ring of poison resistance
 F - an amulet of guardian spirit
 O - a +5 ring of evasion
Wands
 h - a wand of iceblast (16)
 z - a wand of flame (32)
 K - a wand of charming (8)
 M - a wand of light (11)
 R - a wand of mindburst (11)
Scrolls
 b - 3 scrolls of revelation {unknown}
 d - 2 scrolls of noise {unknown}
 l - 7 scrolls of teleportation {unknown}
 m - 3 scrolls of blinking {unknown}
 o - a scroll of torment {unknown}
 w - 8 scrolls of identify {unknown}
 y - 2 scrolls of butterflies {unknown}
 A - 3 scrolls of immolation {unknown}
 D - 2 scrolls of fog {unknown}
 E - 2 scrolls of amnesia {unknown}
 G - a scroll of enchant weapon {unknown}
 I - a scroll of enchant armour {unknown}
 L - a scroll of fear {unknown}
 Q - a scroll of brand weapon {unknown}
Potions
 f - 4 potions of haste {unknown}
 g - a potion of degeneration {unknown}
 i - 4 potions of heal wounds {unknown}
 j - 4 potions of enlightenment {unknown}
 n - 4 potions of curing {unknown}
 p - 2 potions of resistance {unknown}
 q - 2 potions of invisibility {unknown}
 r - a potion of experience {unknown}
 s - 3 potions of mutation {unknown}
 t - a potion of cancellation {unknown}
 u - a potion of brilliance {unknown}
 C - 2 potions of might {unknown}
 H - 2 potions of ambrosia {unknown}
 N - a potion of attraction {unknown}
 P - a potion of lignification {unknown}


   Skills:
 + Level 8.7 Fighting
 + Level 8.6 Dodging
 + Level 10.3 Unarmed Combat


You had 9 spell levels left.
You didn't know any spells.
Your spell library was empty.

Dungeon Overview and Level Annotations

Branches:
Dungeon (11/15)            Temple (0/1) D:5            Lair (1/5) D:9
    Orc (1/2) D:11          Sewer (visited)

Altars:
Dithmenos
Gozag
Hepliaklqana
Makhleb
Qazlal
Ru
Sif Muna
Trog
Uskayaw
Vehumet
Wu Jian
Yredelemnul
The Shining One

Shops:
D:4 =

Annotations:
D:9 3 runed translucent doors, Querens's ghost, journeyman FoFi


Innate Abilities, Weirdness & Mutations

You are too large for most types of armour.
You have claws for hands.
Your natural rate of healing is unusually fast.
You are covered in fur. (AC +1)
You have tough skin. (AC +1)


Message History

The orc wizard casts a spell at you. The puff of flame misses you.
The orc wizard gestures wildly while chanting.
The orc wizard flickers and vanishes!
The orc warlord roars a battlecry!
An orc warrior comes into view. It is wielding a +0 dire flail.
You hear a shout!
The orc shouts!
There is a staircase back to the Dungeon here.
The orc warlord hits you with a +0 battleaxe!!
The orc warlord hits you with a +2 battleaxe of flaming!!!
The orc warlord burns you!!
* * * LOW HITPOINT WARNING * * *
The orc priest calls down the wrath of Beogh upon you.
Pain shoots through your body!
* * * LOW HITPOINT WARNING * * *
You hear a shout!
You fly upwards.
Welcome back to the Dungeon!
Reactivating autopickup.
There is a staircase to the Orcish Mines, spattered with blood here.
Things that are here:
a +0 chain mail; a +0 hand axe; an orc corpse A red film seems to cover your vision as you go berserk!
You feel yourself moving faster!
You feel mighty! The orc priest hits you with a +0 club.
* * * LOW HITPOINT WARNING * * *
The orc warlord completely misses you. x2
You claw the orc warlord!
The orc warlord is lightly wounded.
You claw the orc warlord!
The orc warlord is moderately wounded.
The orc priest calls upon Beogh to heal the orc warlord.
The orc warlord is healed somewhat.
The orc warlord barely misses you.
The orc warlord splashes around in the water.
You barely miss the orc warlord.
The orc warlord is lightly wounded.
You claw the orc warlord!
The orc warlord is moderately wounded.
The orc priest misses you.
The orc warlord hits you with a +0 battleaxe!!
You die...

#...# #......# #...#
#...# #......# #...#
#####
#......#########
########........
########## #.......)
#........# #........
#........###
##....####
#.....[)o~.####.)...#
#######@o~..##..#...#
##[o)~.##..#....#
##~~~....#.#.....#
#~~~~~..#.#....###
##~~~~~..#.....#
##~~~..#......#
##~..#.#.....#
#..#(#......#
#.#..##.....#


You could see 2 orc warlords and an orc priest (strong).

Vanquished Creatures
  Maurice (D:10)
  Joseph (D:7)
  A gargoyle (D:10)
  2 kobold demonologists (D:11)
  A troll (D:9)
  A vampire (D:11)
  2 wyverns
  13 yaks
  A steam dragon (D:9)
  A water moccasin (D:6)
  A sky beast (D:7)
  A black bear (D:6)
  3 ogres
  5 orc warriors
  3 centaurs
  A phantom (D:5)
  2 kobold brigands (Sewer)
  A gnoll sergeant (D:5)
  2 bullfrogs
  2 scorpions
  8 killer bees
  An electric eel (D:11)
  A centaur zombie (D:6)
  A bullfrog zombie (D:6)
  A gnoll bouda (D:9)
  3 hounds
  5 orc priests
  A jelly (D:5)
  3 iguanas
  11 orc wizards
  11 gnolls
  14 adders
  9 river rats (Sewer)
  A shadow imp (D:7)
  4 white imps
  4 ufetubi
  3 worms
  3 dart slugs
  37 orcs
  10 bats
  7 endoplasms
  7 giant cockroaches
  15 goblins
  10 hobgoblins
  11 jackals
  23 kobolds
  6 quokkas
  13 ball pythons
  7 frilled lizards
  19 rats
294 creatures vanquished.

Notes
Turn   | Place    | Note
-------+----------+-------------------------------------------
     0 | D:1      | Errthou the Troll Berserker began the quest for the Orb.
     0 | D:1      | Reached XP level 1. HP: 22/22 MP: 0/0
    96 | D:1      | Reached XP level 2. HP: 29/29 MP: 1/1
   382 | D:1      | Found a faded altar of an unknown god.
   382 | D:1      | Found a faded altar of an unknown god.
   482 | D:1      | Reached XP level 3. HP: 29/36 MP: 2/2
   483 | D:1      | Reached ** piety under Trog
   873 | D:2      | Reached XP level 4. HP: 45/45 MP: 3/3
  1411 | D:3      | Reached *** piety under Trog
  1480 | D:3      | Reached skill level 4 in Unarmed Combat
  1525 | D:3      | Identified the +7 whip of Intimidation {protect, rPois rC-
                  | Str+4 Dex+3}
  1623 | D:3      | Reached XP level 5. HP: 49/53 MP: 4/4
  1818 | D:3      | Found a glowing drain.
  1840 | Sewer    | Entered a sewer
  2013 | Sewer    | Reached XP level 6. HP: 54/62 MP: 5/5
  2098 | Sewer    | Reached **** piety under Trog
  2244 | Sewer    | Reached skill level 5 in Unarmed Combat
  2534 | D:3      | Reached XP level 7. HP: 57/70 MP: 6/6
  2890 | D:4      | Identified the of Archy
  2890 | D:4      | Identified the "Vimid"
  2890 | D:4      | Identified the "Plog"
  2890 | D:4      | Identified the "Pyesec"
  2890 | D:4      | Found Woxuel's Jewellery Shop.
  3158 | D:4      | Identified the ring of Peace {Fly rF- rC+ Dex+3 Slay+5}
  3899 | D:4      | Found a shimmering blue altar of Sif Muna.
  4105 | D:5      | Entered Level 5 of the Dungeon
  4121 | D:5      | Found a radiant altar of Vehumet.
  4137 | D:5      | Found a staircase to the Ecumenical Temple.
  4334 | D:5      | Reached skill level 5 in Fighting
  4334 | D:5      | Reached skill level 6 in Unarmed Combat
  4345 | D:5      | Found a hazy altar of Hepliaklqana.
  4392 | D:5      | Reached skill level 5 in Dodging
  4429 | D:5      | Reached XP level 8. HP: 12/80 MP: 7/7
  4522 | D:5      | Found a bloodstained altar of Trog.
  4558 | D:5      | Found a burning altar of Makhleb.
  4787 | D:6      | Reached skill level 7 in Unarmed Combat
  4920 | D:6      | Reached XP level 9. HP: 85/89 MP: 8/8
  4983 | D:6      | Found a sacrificial altar of Ru.
  5198 | D:6      | Found a shadowy altar of Dithmenos.
  5261 | D:6      | You are sucked into a shaft and drop 1 floor!
  5273 | D:7      | Found a hide-covered altar of Uskayaw.
  5274 | D:7      | Found an opulent altar of Gozag.
  5442 | D:6      | Found a basalt altar of Yredelemnul.
  5522 | D:7      | Found a stormy altar of Qazlal.
  5689 | D:7      | Found a glowing golden altar of the Shining One.
  5701 | D:7      | Noticed Joseph
  5716 | D:7      | Killed Joseph
  5717 | D:7      | Reached skill level 8 in Unarmed Combat
  6563 | D:8      | Identified the +8 quarterstaff "Kuarhacym" {pain, rElec}
  6703 | D:8      | Identified the +1 leather armour of Sif Muna's Regard {rN+
                  | Dex+4}
  7058 | D:9      | Reached XP level 10. HP: 95/102 MP: 9/9
  7062 | D:9      | Reached skill level 9 in Unarmed Combat
  7198 | D:9      | Found a runed translucent gate.
  7201 | D:9      | Found a runed translucent gate.
  7203 | D:9      | Found a runed translucent gate.
  7227 | D:9      | Found an opulent altar of Gozag.
  7227 | D:9      | Noticed a centaur warrior
  7227 | D:9      | Noticed a cyclops
  7227 | D:9      | Noticed Querens's ghost (journeyman FoFi)
  7741 | D:9      | Found a staircase to the Lair.
  8112 | Gauntlet | Identified the of Bienue
  8112 | Lair:1   | Entered Level 1 of the Lair of Beasts
  8143 | D:10     | Entered Level 10 of the Dungeon
  8260 | D:10     | Reached ***** piety under Trog
  8306 | D:10     | Noticed a gargoyle
  8317 | D:10     | Killed a gargoyle
  8408 | D:10     | Found an ornate altar of the Wu Jian Council.
  8423 | D:10     | Noticed Maurice
  8432 | D:10     | Killed Maurice
  8830 | D:11     | Noticed a rust devil
  8837 | D:11     | Noticed an orange demon
  8841 | D:11     | Noticed a rust devil
  8843 | D:11     | Noticed a smoke demon
  8857 | D:11     | Reached skill level 10 in Unarmed Combat
  9039 | D:11     | Found a staircase to the Orcish Mines.
  9372 | Orc:1    | Entered Level 1 of the Orcish Mines
  9374 | Orc:1    | Noticed an orc warlord
  9376 | Orc:1    | Noticed an orc sorcerer
  9421 | Orc:1    | Noticed an orc warlord
  9465 | Orc:1    | Noticed an orc warlord
  9524 | D:11     | Slain by an orc warlord

Illustrated notes

Levels and vault maps discovered:
D:1:      minmay_arrival_open_corners, layout_basic,
          hellmonk_ecumenical_altar_the_god_not_taken
D:2:      layout_loops_ring, chequers_serial_rivers_micro_d
D:3:      minmay_razor_zed, layout_basic, portal_sewer_entry_f,
          hangedman_feature_mirror
D:4:      layout_basic, led_sif_book, serial_shops, nicolae_shop_gaudy_bauble,
          minmay_misc_feat_five
D:5:      layout_rooms, vehumet_altar_wand_db, bloody_makhleb,
          mainiacjoe_overflow_paths, nicolae_hepliaklqana_hippocampus,
          minmay_temple_entry_glass, grunt_decor_cap
D:6:      layout_basic, mainiacjoe_overflow_small_starburst,
          hangedman_ru_absence, lemuel_zombie_altar_yredelemnul,
          dk_noncrumbling_3
D:7:      layout_basic, nicolae_qazlal_scattered_showers,
          mainiacjoe_overflow_catwalk, nicolae_overflow_hidden_temple,
          mainiacjoe_overflow_divided_tiny, uniq_joseph
D:8:      layout_basic
D:9:      layout_loops_ring, lair_entry_dummy, ebering_ghost_gozag
D:10:     layout_basic, mainiacjoe_overflow_chevrons, hangedman_decor_opposing,
          uniq_maurice
D:11:     layout_basic, orc_0_dummy, hangedman_abyss_or_decor_slice
Lair:1:   beast_lair_carwin_large_4, layout_gridlike, basic_altar,
          ebering_ghost_rock_garden
Orc:1:    layout_caves

Skill      XL: |  1  2  3  4  5  6  7  8  9 10 |
---------------+-------------------------------+-----
Fighting       | 3 4 5 6 7 8 |  8.7
Dodging        | 3 4 5 6 7 8 |  8.6
Unarmed Combat | 4 5 6 7 8 10 | 10.3

Action                     |  1- 3 |  4- 6 |  7- 9 | 10-12 || total
---------------------------+-------+-------+-------+-------++-------
  Melee: Unarmed           |   105 |   198 |   262 |   166 ||   731
         Punch             |     2 |     7 |     9 |     4 ||    22
 Invoke: Berserk           |       |     2 |     4 |     6 ||    12
         Trog's Hand       |       |     2 |     3 |     3 ||     8
   Stab: Sleeping          |       |       |     1 |       ||     1
 Armour: Animal skin       |    67 |   194 |   146 |    95 ||   502
  Dodge: Dodged            |    68 |   150 |   169 |   150 ||   537

Table legend: (Time is in decaauts)
 A = Elapsed time spent in this place.
 B = Non-inter-level travel time spent in this place.
 C = Inter-level travel time spent in this place.
 D = Time resting spent in this place.
 E = Time spent auto-exploring this place.
 F = Levels seen in this place.
 G = Mean time per level.
                   A        B        C        D        E       F      G
               +--------+--------+--------+--------+--------+-----+--------+
         Total |   9536 |   9233 |    303 |   1409 |   6051 |  14 |  681.1 |
       Dungeon |   8924 |   8621 |    303 |   1317 |   5739 |  11 |  811.3 |
          Lair |      1 |      1 |      0 |      0 |      0 |   1 |    1.0 |
  Orcish Mines |     17 |     17 |      0 |      0 |      0 |   1 |   17.0 |
         Sewer |    592 |    592 |      0 |     92 |    312 |   1 |  592.0 |
               +--------+--------+--------+--------+--------+-----+--------+

Top non-repeatable levels by time:
     D:9: 1118 daAuts
     D:3: 1111 daAuts
     D:4: 1084 daAuts
     D:8: 902 daAuts
    D:11: 816 daAuts
     D:6: 796 daAuts
     D:2: 711 daAuts
     D:7: 710 daAuts
     D:1: 608 daAuts
   Sewer: 592 daAuts
    D:10: 549 daAuts
     D:5: 516 daAuts
   Orc:1: 17 daAuts
  Lair:1: 1 daAuts
